 Dungeon Crawl Stone Soup version 0.28.0-53-g5a82cb258f (webtiles) character file.

Game seed: 1807618386462761143

87 Gabide the Stinger (level 4, -6/30 HPs)
             Began as a Formicid Venom Mage on June 13, 2022.
             Killed by divine providence
             ... invoked by an orc priest
              (13 damage)
             ... on level 3 of the Dungeon.
             The game lasted 00:03:01 (2475 turns).

Gabide the Stinger (Formicid Venom Mage)            Turns: 2475, Time: 00:03:02

Health: -6/30      AC:  4    Str: 12    XL:     4   Next: 80%
Magic:  7/8        EV: 12    Int: 17    God:
Gold:   65         SH:  0    Dex: 11    Spells: 7/8 levels left

rFire   . . .      SeeInvis +   (no weapon)
rCold   + . .      Faith    .   (no shield)
rNeg    . . .      Spirit   .   a - +2 robe
rPois   .          Reflect  .   (helmet unavailable)
rElec   .          Harm     .   (no cloak)
rCorr   .          Rampage  .   (no gloves)
Will    .....                   (no boots)
Stlth   ++........              g - amulet of magic regeneration
HPRegen 0.10/turn               d - ring of protection from cold
MPRegen 0.51/turn               (no ring)

@: no status effects
A: permanent stasis, dig shafts and tunnels, antennae 3, four strong arms
a: Dig, Shaft Self


You were on level 3 of the Dungeon.
You visited 1 branch of the dungeon, and saw 3 of its levels.

You collected 65 gold pieces.

Inventory:

Missiles
 j - 3 datura-tipped darts
Armour
 a - a +2 robe (worn)
 h - an orb of energy
Jewellery
 d - a ring of protection from cold (left hand)
 g - an amulet of magic regeneration (around neck)
Scrolls
 b - 2 scrolls of identify {unknown}
 f - a scroll of teleportation {unknown}
 i - a scroll of noise {unknown}
 k - a scroll of vulnerability {unknown}
Potions
 c - a potion of magic {unknown}
 e - a potion of attraction {unknown}


   Skills:
 - Level 2.0 Dodging
 - Level 3.0 Stealth
 + Level 2.6 Spellcasting
 * Level 2.8 Transmutations
 * Level 5.1 Poison Magic


You had 7 spell levels left.
You knew the following spells:

 Your Spells              Type           Power      Damage    Failure   Level
a - Sting                 Tmut/Pois      60%        1d6       3%          1

Your spell library contained the following spells:

 Spells                   Type           Power      Damage    Failure   Level
 Poisonous Vapours        Pois/Air       22%        N/A       10%         2
 Pain                     Necr           8%         1d4       19%         1
 Olgreb's Toxic Radiance  Pois           19%        N/A       22%         4
 Mephitic Cloud           Conj/Pois/Air  8%         N/A       26%         3
 Stone Arrow              Conj/Erth      4%         3d7       47%         3
 Animate Armour           Summ/Erth      4%         N/A       87%         4
 Agony                    Necr           2%         N/A       99%         5
 Excruciating Wounds      Necr           1%         N/A       99%         5
 Lehudib's Crystal Spear  Conj/Erth      1%         10d2      100%        8


Dungeon Overview and Level Annotations

Branches:
Dungeon (3/15)

Altars:
Dithmenos


Innate Abilities, Weirdness & Mutations

You cannot be hasted, slowed, berserked, paralysed or teleported.
You can dig through walls and to a lower floor.
You have a pair of large antennae on your head. (SInv)
Your four strong arms can wield two-handed weapons with a shield.


Message History

An orc and an orc wizard come into view.
An orc comes into view. It is wielding a +0 dagger.
The orc priest shouts!
You hear a shout!
You can't see any susceptible monsters within range! (Use Z to cast anyway.)
You can't see any susceptible monsters within range! (Use Z to cast anyway.)
Found a scale mail.
The orc wizard shouts!
The orc shouts! x2
The sting hits the orc priest but does no damage.
The orc priest is poisoned.
The orc wizard casts a spell at you. The puff of flame hits you.
The sting misses the orc priest.
An orc priest comes into view. It is wielding a +0 short sword.
The orc priest barely misses you.
The sting hits the orc priest.
The orc priest looks even sicker.
The orc priest is lightly wounded.
The orc priest hits you with a +0 short sword.
The sting hits the orc priest.
The orc priest looks even sicker.
The orc priest is moderately wounded.
The orc wizard closely misses you.
The sting hits the orc wizard.
The orc wizard is poisoned.
The orc wizard is lightly wounded.
The orc wizard barely misses you.
The sting misses the orc wizard.
The orc closely misses you. The orc misses you.
The orc priest miscasts a cantrip.
The orc wizard gestures at you while chanting.
The puff of flame hits you!
You are too injured to fight recklessly!
You are too injured to fight recklessly!
The orc priest looks satisfied for a moment.
The orc wizard casts a spell.
The orc wizard flickers and vanishes for a moment.
The orc throws a boomerang.
The boomerang hits you.
* * * LOW HITPOINT WARNING * * *
There is an open gate here.
You kill the orc priest!
The orc priest invokes the aid of Beogh against you.
Beogh smites you!
You die...

#.# #.# #..#. #.#
#..#... #.#
##..#.#.#. #.#
##..#...#.#. #####.#
#..#.#.#.#.# ....).#
###.#...#...#[
#######
#.'..#o#.#.#.# #
#.'..)#.#.#.#. # {
#@'o.#.#.#.#.# #
###.#o#o.[#...#. # #
#...#..#.#.#.#.# #
##.##.#.##..#...#.#.
#
......#.###..#.#.#.#
#
#.##....###..#...#.
#
#.........##.(#.#.#
####....### #..#...
####.#
#.#.#######.....


You could see an orc priest, an orc wizard (invisible, poisoned) and 2 orcs.

Vanquished Creatures
  An orc priest (D:3)
  An orc wizard (D:3)
  An adder (D:2)
  4 dart slugs
  2 orcs (D:3)
  4 bats
  An endoplasm (D:2)
  2 giant cockroaches
  8 goblins
  3 hobgoblins
  4 jackals (D:1)
  5 ball pythons
  4 kobolds
  4 rats
44 creatures vanquished.

Notes
Turn   | Place    | Note
-------+----------+-------------------------------------------
     0 | D:1      | Gabide the Formicid Venom Mage began the quest for the Orb.
     0 | D:1      | Reached XP level 1. HP: 13/13 MP: 3/3
   205 | D:1      | Reached XP level 2. HP: 6/19 MP: 0/5
  1103 | D:1      | Reached XP level 3. HP: 24/24 MP: 4/6
  1262 | D:1      | Found a faded altar of an unknown god.
  1781 | D:2      | Reached XP level 4. HP: 24/30 MP: 4/7
  1939 | D:2      | Found a shadowy altar of Dithmenos.
  2157 | D:3      | Reached skill level 5 in Poison Magic
  2475 | D:3      | Killed from afar by an orc priest

Illustrated notes

Levels and vault maps discovered:
D:1:      minmay_arrival_five_plusses, layout_loops_ring,
          shapermc_ecumenical_altar_venn
D:2:      layout_basic, basic_altar
D:3:      layout_loops_ring, kennysheep_another_room, minmay_misc_feat_tiny,
          kennysheep_cluttered_room, supply_closet_lemuel

Skill      XL: |  1  2  3  4 |
---------------+-------------+-----
Transmutations | 2 |  2.8
Dodging        | 2 |  2.0
Stealth        | 3 |  3.0
Poison Magic   | 5 |  5.1
Spellcasting   | |  2.6

Action                   |  1- 3 |  4- 6 || total
-------------------------+-------+-------++-------
Melee: Unarmed           |    24 |     5 ||    29
 Cast: Sting             |    66 |    33 ||    99
  Use: Scroll            |     2 |       ||     2
Armor: Robe              |     7 |     5 ||    12
Dodge: Dodged            |    30 |    10 ||    40
